Map: [ESL] Stargazers

Players

DRG - Winner!

  • Race: Zerg Zerg
  • Spawn Location: 11:00

Cure

  • Race: Terran Terran
  • Spawn Location: 1:00

Event: DreamHack SC2 Masters 2022 Atlanta (Offline)

VOD

Have the link to the VOD?

Description

Time

  • Played on: Nov. 19, 2022, 11:38 a.m.
  • Length: 13:11

All games in this series

Show
View Real Time Build Order
Export as new Build Order

DRG Zerg - Winner!

Build Orders: Hatch First 

Get SALT Encoding   

  12  0:00  Drone  
  13  0:11  Overlord  
  13  0:16  Drone  
  14  0:30  Drone x2  
  16  0:47  Hatchery  
  15  0:50  Drone  
  15  0:54  Drone  
  17  0:57  Drone  
  18  1:08  Extractor  
  17  1:12  Spawning Pool  
  17  1:16  Drone  
  17  1:19  Drone  
  18  1:27  Drone  
  19  1:38  Drone  
  20  1:50  Drone  
  21  1:58  Queen x2  
  21  1:59  Drone x2  
  27  2:10  Overlord  
  27  2:11  Metabolic Boost  
  27  2:12  Drone  
  28  2:28  Drone x2  
  30  2:31  Drone  
  30  2:32  Drone  
  30  2:34  Queen x2  
  36  2:42  Overlord  
  36  2:47  Overlord  
  36  3:01  Zergling x4  
  36  3:03  Drone  
  36  3:04  Drone  
  40  3:06  Drone x3  
  40  3:07  Drone x3  
  46  3:19  Drone x2  
  48  3:27  Drone x2  
  49  3:29  Lair, Extractor  
  49  3:37  Queen  
  49  3:39  Overlord  
  51  3:41  Drone  
  51  3:44  Extractor  
  51  3:45  Extractor, Overlord  
  51  3:46  Hatchery  
  51  3:48  Drone  
  50  3:50  Drone  
  50  3:52  Drone  
  50  3:54  Overlord  
  52  3:58  Overlord  
  52  4:00  Drone  
  53  4:03  Drone  
  53  4:05  Drone  
  55  4:11  Baneling Nest, Drone  
  55  4:12  Overlord  
  55  4:14  Drone  
  56  4:17  Drone  
  56  4:19  Drone  
  56  4:20  Drone  
  56  4:22  Drone  
  60  4:31  Drone  
  60  4:33  Spire  
  60  4:36  Queen  
  62  4:45  Zergling x4  
  62  4:52  Drone x6  
  69  4:56  Overlord  
  69  4:57  Overseer  
  69  5:02  Overlord  
  69  5:03  Drone x3  
  72  5:09  Overlord  
  72  5:13  Drone  
  73  5:15  Overlord  
  73  5:26  Overlord  
  73  5:28  Extractor  
  72  5:29  Extractor  
  71  5:39  Hatchery  
  70  5:46  Drone x5, Mutalisk x7  
  89  5:50  Spore Crawler  
  89  5:51  Spore Crawler  
  89  5:54  Spore Crawler, Drone x4  
  90  6:03  Drone x5  
  95  6:07  Roach Warren  
  95  6:09  Drone  
  95  6:10  Evolution Chamber  
  95  6:11  Drone  
  95  6:12  Zerg Flyer Weapons Level 1  
  95  6:19  Drone x4  
  95  6:24  Overlord  
  99  6:26  Overlord  
  99  6:27  Drone x2  
  99  6:29  Overlord  
  99  6:30  Drone  
  101  6:34  Zergling x6  
  104  6:43  Zergling x8  
  108  6:50  Drone x8  
  108  6:54  Glial Reconstitution, Zerg Missile Weapons Level 1  
  116  6:56  Roach  
  116  6:59  Drone x2  
  120  7:01  Overseer, Pneumatized Carapace  
  120  7:04  Overlord  
  120  7:07  Drone x4  
  124  7:09  Extractor  
  124  7:10  Corruptor, Extractor  
  124  7:27  Corruptor x4  
  132  7:32  Hatchery  
  132  7:35  Corruptor x3  
  137  7:41  Overlord  
  137  7:42  Corruptor  
  137  7:43  Corruptor  
  141  7:49  Overlord x4  
  141  7:52  Overlord  
  141  7:54  Corruptor  
  143  7:59  Corruptor x2  
  143  8:04  Roach x3  
  153  8:10  Roach x4  
  161  8:14  Roach x3  
  161  8:19  Roach  
  173  8:20  Roach x2  
  173  8:26  Roach x4  
  180  8:36  Ravager x3  
  179  8:42  Roach x7  
  179  8:47  Roach  
  179  8:48  Roach x2  
  197  8:52  Roach x3  
  195  9:00  Zerg Flyer Weapons Level 2, Zerg Missile Weapons Level 2  
  189  9:11  Roach x6  
  181  9:19  Ravager  
  181  9:20  Ravager x7  
  181  9:22  Zergling x4, Roach x7  
  180  9:36  Zergling x14  
  175  9:41  Roach x8  
  179  9:48  Infestation Pit  
  179  9:50  Drone  
  179  9:51  Drone x8  
  178  9:58  Extractor  
  176  10:01  Extractor  
  148  10:14  Mutalisk x9  
  161  10:24  Mutalisk  
  161  10:25  Mutalisk x2  
  161  10:28  Overseer  
  167  10:34  Spine Crawler  
  166  10:36  Spine Crawler x2  
  166  10:38  Mutalisk x2  
  168  10:44  Zergling x20  
  168  10:46  Mutalisk  
  168  10:47  Mutalisk  
  168  10:49  Zergling x10  
  190  10:50  Zergling x6  
  190  10:54  Hatchery  
  188  10:58  Mutalisk x3  
  194  11:07  Mutalisk x2  
  189  11:19  Mutalisk  
  189  11:20  Mutalisk x3  
  189  11:22  Zergling x18  
  192  11:32  Mutalisk x4  
  190  11:35  Zergling x20  
  190  11:44  Mutalisk x3  
  188  11:53  Zergling x14  
  188  11:54  Zergling x2  
  185  12:01  Mutalisk x3  
  185  12:02  Mutalisk x2  
  185  12:03  Zergling x4  
  185  12:05  Overlord  
  197  12:09  Overlord  
  182  12:35  Hatchery  
  182  12:36  Mutalisk x4  
  182  12:37  Mutalisk x4  
Show
View Real Time Build Order
Export as new Build Order

Cure Terran 

Build Orders: Command Center First (CC), Mech 

Get SALT Encoding   

  12  0:00  SCV  
  13  0:12  SCV  
  14  0:17  Supply Depot  
  14  0:24  SCV  
  15  0:38  SCV  
  16  0:51  SCV  
  17  0:58  Command Center  
  17  1:03  SCV  
  18  1:12  Barracks  
  18  1:15  SCV  
  19  1:20  Refinery  
  19  1:27  SCV  
  19  1:28  Refinery  
  20  1:39  SCV  
  21  1:51  SCV  
  22  1:59  Reaper  
  23  2:03  Orbital Command  
  23  2:09  Orbital Command  
  23  2:17  Factory  
  23  2:29  SCV  
  24  2:31  Barracks Reactor  
  24  2:35  SCV  
  25  2:41  SCV  
  26  2:47  SCV  
  27  2:51  Command Center  
  27  2:54  SCV  
  28  2:59  SCV  
  28  3:02  Starport  
  29  3:05  Supply Depot  
  29  3:08  SCV  
  29  3:11  SCV  
  31  3:17  Hellion x2  
  31  3:19  Marine  
  36  3:25  SCV x2  
  37  3:39  Hellion x2, Viking  
  37  3:41  SCV x2  
  45  3:42  Barracks Tech Lab  
  45  3:49  Fusion Core  
  45  3:53  SCV  
  46  4:03  SCV, Hellion x2  
  46  4:04  Orbital Command  
  46  4:06  SCV  
  52  4:12  Barracks Tech Lab  
  52  4:15  SCV  
  53  4:18  SCV  
  57  4:26  Orbital Command  
  57  4:27  SCV  
  57  4:28  Supply Depot  
  57  4:29  Supply Depot  
  57  4:30  SCV x2  
  57  4:39  SCV  
  57  4:41  Refinery  
  57  4:42  Refinery  
  57  4:45  SCV  
  59  4:47  Engineering Bay  
  59  4:50  Battlecruiser  
  59  4:51  Widow Mine x2  
  70  4:53  SCV  
  70  4:54  SCV  
  70  4:57  SCV  
  73  5:05  SCV  
  73  5:06  SCV  
  74  5:09  SCV  
  74  5:13  Engineering Bay  
  75  5:15  Widow Mine  
  75  5:16  Factory  
  75  5:20  Supply Depot  
  77  5:21  Supply Depot  
  77  5:22  Missile Turret  
  77  5:24  Missile Turret  
  77  5:25  Missile Turret  
  77  5:29  Missile Turret  
  77  5:30  Factory  
  77  5:38  SCV x3  
  77  5:39  Widow Mine  
  77  5:40  Supply Depot, Missile Turret  
  84  5:43  Widow Mine  
  84  5:50  SCV x2  
  84  5:51  SCV  
  84  5:54  Supply Depot  
  84  5:56  Refinery  
  87  5:57  Refinery  
  87  6:00  Battlecruiser  
  87  6:03  SCV x3  
  96  6:09  Weapon Refit  
  96  6:13  Supply Depot  
  96  6:15  SCV x3  
  96  6:16  Factory Tech Lab  
  96  6:17  Supply Depot  
  101  6:26  Widow Mine x2  
  101  6:27  SCV x3  
  106  6:36  Armory  
  106  6:38  Armory  
  105  6:42  SCV x3  
  107  6:54  SCV x3  
  106  6:56  Siege Tank x2  
  106  6:58  Widow Mine  
  118  7:04  Command Center  
  118  7:08  SCV x3, Missile Turret  
  121  7:15  Missile Turret  
  121  7:18  Battlecruiser  
  121  7:21  Hellion x2  
  129  7:24  Terran Vehicle Weapons Level 1  
  129  7:27  Supply Depot  
  129  7:30  Siege Tank  
  132  7:37  Refinery x2  
  132  7:38  Siege Tank  
  133  7:47  Factory  
  133  7:48  Supply Depot, SCV x3  
  133  7:49  Missile Turret  
  133  7:51  Missile Turret  
  136  7:54  Factory  
  136  8:00  SCV x3  
  139  8:07  Hellion  
  139  8:09  Siege Tank  
  139  8:10  Hellion  
  146  8:13  SCV x3  
  146  8:17  Orbital Command  
  149  8:20  Siege Tank  
  152  8:27  SCV  
  152  8:28  SCV x2  
  152  8:30  Command Center  
  152  8:32  Supply Depot, Factory Tech Lab  
  152  8:34  Supply Depot x2  
  155  8:40  Hellion x2  
  159  8:41  Siege Tank  
  162  8:52  Siege Tank  
  162  8:53  Siege Tank  
  166  8:56  Supply Depot  
  166  9:00  Mag-Field Accelerator  
  166  9:01  Factory Reactor  
  166  9:02  Hellion x2, Orbital Command  
  162  9:13  Siege Tank  
  151  9:23  Hellion  
  151  9:24  Cyclone, Hellion  
  143  9:25  Siege Tank  
  147  9:32  SCV x2  
  147  9:35  SCV  
  147  9:38  Hellion x2  
  147  9:45  Hellion x2  
  142  9:46  Siege Tank  
  143  9:56  Cyclone, Missile Turret x2  
  143  9:58  Cyclone  
  143  9:59  Hellion x2  
  150  10:11  Missile Turret  
  150  10:14  Hellion x2  
  146  10:16  Orbital Command  
  146  10:18  Cyclone  
  146  10:21  Hellion x2  
  153  10:24  Command Center  
  151  10:28  Cyclone  
  151  10:30  Cyclone  
  151  10:31  Factory  
  151  10:32  Missile Turret x2, Factory  
  151  10:35  Refinery  
  157  10:36  Terran Vehicle And Ship Armor Level 1  
  157  10:37  SCV x3  
  157  10:41  Sensor Tower  
  160  10:46  Hellion x2  
  160  10:47  Hellion x2  
  168  10:59  Siege Tank  
  168  11:00  Orbital Command  
  168  11:01  Hellion  
  168  11:02  Hellion  
  173  11:05  SCV x3  
  173  11:08  Hellion x4  
  184  11:18  Factory Tech Lab, Factory Reactor  
  178  11:22  Hellion  
  168  11:26  Missile Turret  
  151  11:37  Thor  
  142  11:41  Hellion x2  
  142  11:42  Hellion x2  
  142  11:45  Hellion x2  
  143  11:51  Hellion  
  123  12:01  Hellion x2  
  123  12:03  Hellion x4  
  123  12:06  Thor, SCV  
  123  12:08  SCV x3  
  134  12:09  Missile Turret x2  
  134  12:10  Missile Turret  
  134  12:18  SCV  
  115  12:32  Hellion x3  
  115  12:33  Hellion  
  115  12:34  Hellion  
Tags
 
Add a new tag
Caveats
  • Supply blocks, unpowered buildings, or Contaminate may cause inaccurate times.
  • Supply counts are checked every 10 seconds.